 Dungeon Crawl Stone Soup version 0.21.1-1-g345015fe64 (webtiles) character file.

31 Gargoyl the Skirmisher (level 3, -3/33 HPs)
             Began as a Centaur Abyssal Knight on Mar 23, 2018.
             Was a Follower of Lugonu.
             Slain by a raiju (7 damage)
             ... on level 3 of the Abyss.
             The game lasted 00:03:26 (342 turns).

Gargoyl the Skirmisher (Centaur Abyssal Knight)      Turns: 342, Time: 00:03:27

Health: -3/33      AC:  5    Str: 14      XL:     3   Next: 7%
Magic:  4/4        EV:  9    Int: 11      God:    Lugonu [*.....]
Gold:   0          SH:  0    Dex:  7 (9)  Spells: 2/2 levels left

rFire    . . .     SeeInvis .   a - +1 hand axe
rCold    . . .     Gourm    .   (no shield)
rNeg     . . .     Faith    .   b - +1 leather armour
rPois    .         Spirit   .   (no helmet)
rElec    .         Reflect  .   (no cloak)
rCorr    .         Harm     .   (no gloves)
MR       .....                  (no barding)
Stlth    ..........             (no amulet)
HPRegen  0.11/turn              (no ring)
MPRegen  0.09/turn              (no ring)

@: very quick
A: large, hooves 3, deformed body, speed 2, tough skin 3
a: Depart the Abyss, Renounce Religion


You were on level 3 of the Abyss.
You worshipped Lugonu.
Lugonu was aware of your devotion.
You were not hungry.

You visited 0 branches of the dungeon, and saw 0 of its levels.
You visited the Abyss 1 time.

Inventory:

Hand Weapons
 a - a +1 hand axe (weapon)
Armour
 b - a +1 leather armour (worn)
Wands
 e - a wand of digging (14)
Comestibles
 c - 2 rations


   Skills:
 + Level 3.7 Fighting
 + Level 2.0 Axes
 + Level 1.6 Armour
 + Level 0.8 Dodging
 + Level 2.2 Invocations


You had 2 spell levels left.
You didn't know any spells.

Dungeon Overview and Level Annotations

Branches:
Dungeon (0/15)

Altars:


Innate Abilities, Weirdness & Mutations

You have hooves in place of feet.
Armour fits poorly on your strangely shaped body.
You cover ground very quickly.
You have extremely tough skin. (AC +3)


Message History

Found a scroll labeled GYKLUH GOMAX.
A raiju comes into view.
A raiju comes into view.
The raiju barks! x2; You hear a bark!
A raiju comes into view.
The raiju barks!
The raiju bursts into living lightning!
The living lightning hits you!
Ouch! That really hurt!
The living lightning hits you!
* * * LOW HITPOINT WARNING * * *
The raiju blinks! x3
A large abomination and a raiju come into view.
The raiju barks!
The raiju bursts into living lightning!
The living lightning hits the raiju.
The raiju completely resists.
The living lightning misses you.
The raiju blinks!
There is a gateway leading deeper into the Abyss here.
The raiju bites you!
You die...

... ... .. #..
..#..X.
..##..#
..#..≈# ..
.h..§. ....≈
#.. .§h.. .?.≈
#... #..# ..#
#...##..##..##
.#......h@...#
#............#
...##..##.h##
.#. . .##..#
..# #. .
###..#..# .
..#
.#..##....# ..
#.# #
.##..#.#...
..###
#..#.##.##
##.## ...
#...#.##..# #


You could see a large abomination and 3 raiju.

Vanquished Creatures
  A quasit (Abyss:1)
1 creature vanquished.

Vanquished Creatures (others)
  4 starspawn tentacles (Abyss:3)
4 creatures vanquished.

Grand Total: 5 creatures vanquished

Notes
Turn   | Place    | Note
-------+----------+-------------------------------------------
     0 | Abyss:1  | Gargoyl the Centaur Abyssal Knight began the quest for the Orb.
     0 | Abyss:1  | Reached XP level 1. HP: 19/19 MP: 2/2
    55 | Abyss:1  | Noticed a quasit
    67 | Abyss:1  | Killed a quasit
    67 | Abyss:1  | Reached XP level 2. HP: 18/27 MP: 3/3
    67 | Abyss:1  | Reached XP level 3. HP: 22/33 MP: 4/4
   125 | Abyss:2  | Noticed a ynoxinul
   135 | Abyss:2  | Noticed a hungry ghost
   137 | Abyss:2  | Noticed an orange demon
   155 | Abyss:2  | Noticed a starcursed mass
   175 | Abyss:3  | Found a corrupted altar of Lugonu.
   180 | Abyss:3  | Noticed a large abomination
   214 | Abyss:3  | Noticed a chaos spawn
   297 | Abyss:3  | Noticed a tentacled starspawn
   324 | Abyss:3  | Noticed a spatial vortex
   339 | Abyss:3  | Noticed a raiju
   339 | Abyss:3  | Noticed a raiju
   340 | Abyss:3  | Noticed a raiju
   341 | Abyss:3  | Noticed a large abomination
   341 | Abyss:3  | Noticed a raiju
   342 | Abyss:3  | Slain by a raiju

Skill      XL: |  1 |
---------------+----+-----
Axes           | 2 |  2.0
Fighting       | |  3.7
Armour         | |  1.6
Dodging        | |  0.8
Invocations    | |  2.2

Action                   || total
-------------------------++-------
Melee: Hand axe          ||     5
Evoke: Box of beasts     ||     4
       Wand              ||     2
  Use: Potion            ||     3
       Scroll            ||     2
Armor: Leather armour    ||    10
Dodge: Dodged            ||    19
